Map: 세룰리안 폴 - 래더

Players

aLive - Winner!

  • Race: Terran Terran
  • League: Grandmaster
  • Spawn Location: 1:00

TYTY (TY)

  • Race: Terran Terran
  • League: Master
  • Spawn Location: 7:00

Event: IEM Season 13 - Katowice Server Qualifiers Asia 2

VOD

Have the link to the VOD?

Description

Time

  • Played on: Jan. 22, 2019, 4:58 a.m.
  • Length: 3:08

All games in this series

Show
View Real Time Build Order
Export as new Build Order

aLive Terran - Winner!

Build Orders:  

Get SALT Encoding   

  12  0:00  SCV  
  13  0:12  SCV  
  14  0:17  Supply Depot  
  14  0:40  Barracks, Refinery  
  14  0:52  Barracks  
  14  0:57  SCV  
  15  1:10  SCV  
  17  1:27  Reaper  
  17  1:29  Orbital Command  
  17  1:31  Refinery  
  17  1:41  Reaper  
  18  1:50  Supply Depot  
  18  1:54  SCV  
  18  1:59  Reaper  
  20  2:06  SCV  
  21  2:13  Reaper  
  22  2:18  SCV  
  23  2:31  Reaper  
  23  2:32  SCV  
  25  2:44  SCV  
  27  2:56  SCV  
Show
View Real Time Build Order
Export as new Build Order

TYTY Terran 

Build Orders: Gas First Reaper Expand 

Get SALT Encoding   

  12  0:00  SCV  
  13  0:12  SCV  
  14  0:18  Supply Depot  
  14  0:24  SCV  
  15  0:29  Refinery  
  15  0:39  SCV  
  16  0:44  Barracks  
  16  0:51  SCV  
  17  1:04  SCV  
  18  1:16  SCV  
  19  1:31  Reaper, Orbital Command  
  20  1:43  Command Center  
  20  1:53  Factory  
  20  1:56  SCV  
  21  2:04  Supply Depot  
  21  2:08  Barracks Reactor  
  21  2:10  SCV  
  22  2:17  Refinery  
  22  2:22  SCV  
  23  2:26  Marine  
  23  2:34  SCV  
  22  2:41  Hellion  
  22  2:43  Marine  
  23  2:48  SCV  

Tags
 
Add a new tag
Caveats
  • Supply blocks, unpowered buildings, or Contaminate may cause inaccurate times.
  • Supply counts are checked every 10 seconds.